 Dungeon Crawl Stone Soup version 0.31.0-32-g396128a36d (webtiles) character file.

Game seed: 17972611181871948268

16 countageddon the Covered (level 2, -3/26 HPs)
             Began as an Armataur Fighter on Mar 28, 2024.
             Slain by a gnoll
             ... wielding a +0 flail
              (11 damage)
             ... on level 1 of the Dungeon.
             The game lasted 00:05:15 (568 turns).

countageddon the Covered (Armataur Fighter)          Turns: 568, Time: 00:05:16

Health: -3/26      AC:  7    Str: 21    XL:     2   Next: 41%
Magic:  2/2        EV:  7    Int:  8    God:
Gold:   19         SH:  4    Dex:  9    Spells: 1/1 levels left

rFire   . . .        f - +0 club
rCold   . . .        b - +0 buckler
rNeg    . . .        h - +0 scale mail
rPois   .            (no helmet)
rElec   .            (no cloak)
rCorr   .            (no gloves)
SInv    .            (no barding)
Will    .....        (no amulet) Stlth
                     (no ring)
HPRegen 0.24/turn    (no ring)
MPRegen 0.41/turn

%: roll
@: no status effects
A: large, deformed body, tough skin 3, armoured tail, roll 1
a: no special abilities


You were on level 1 of the Dungeon.
You visited 1 branch of the dungeon, and saw 1 of its levels.

You collected 19 gold pieces.

Inventory:

Hand Weapons
 d - a +2 dagger of freezing
 f - a +0 club (weapon)
 i - a +0 dagger
Missiles
 g - 7 stones (quivered)
Armour
 a - a +0 scale mail
 b - a +0 buckler (worn)
 h - a +0 scale mail (worn)
Jewellery
 e - an amulet of reflection
Scrolls
 k - a scroll of teleportation {unknown}
Potions
 c - a potion of might


   Skills:
 + Level 3.0 Fighting
 + Level 4.1 Armour
 + Level 3.4 Shields
 + Level 1.7 Unarmed Combat


You had one spell level left.
You didn't know any spells.
Your spell library was empty.

Dungeon Overview and Level Annotations

Branches:
Dungeon (1/15)

Altars:

Shops:
D:1 (


Innate Abilities, Weirdness & Mutations

Armour fits poorly on your strangely shaped body.
You have extremely tough skin. (AC +3)
You have a long armoured tail.
You regenerate magic when rolling toward enemies. (Rampage MPRegen)


Message History

Found a stone staircase leading down.
Found Veiff's Weapon Emporium.
There is an entrance to Veiff's Weapon Emporium here.
There is an entrance to Veiff's Weapon Emporium here.
Unknown command.
A gnoll comes into view. It is wielding a +0 flail.
The gnoll shouts!
You roll towards the gnoll!
A frilled lizard comes into view.
A ball python comes into view.
Found 21 gold pieces.
The frilled lizard hisses angrily.
The ball python hisses angrily.
You roll towards the gnoll!
A goblin comes into view. It is wielding a +0 dagger.
Found a gluggy blue potion and a quarterstaff.
The frilled lizard closely misses you. The gnoll hits you with a +0 flail.
A dart slug comes into view.
You hit the gnoll.
The gnoll is moderately wounded.
A kobold comes into view. It is wielding a +0 whip.
The frilled lizard closely misses you. The gnoll completely misses you.
A goblin comes into view. It is wielding a +0 club.
You block the gnoll's attack.
The frilled lizard completely misses you.
The goblin shouts!
The goblin hits you but does no damage.
A rat comes into view.
The gnoll attacks as it pursues you! You block the gnoll's attack.
You hit the gnoll but do no damage.
The gnoll is moderately wounded.
The gnoll barely misses you.
You closely miss the gnoll.
The gnoll is moderately wounded.
The gnoll hits you with a +0 flail.
You barely miss the gnoll.
The gnoll is moderately wounded.
The gnoll hits you with a +0 flail. The gnoll hits you with a +0 flail!
You hit the gnoll but do no damage.
The gnoll is moderately wounded.
The gnoll hits you with a +0 flail!
You die...

####### ..... #.....#######
#.... #......##...# #....
#......##...# #....
#......##...# #....
#....##...# #...#
########..Kg##...#########...#
..........Slg@.....∩..........
.!$.....######...#############
.#r##.#.. #...# $.#.... #####
#.##.#...# # #.#...# ) ....#
############## ##.#...#
#............. ....####
#.#######♣♣♣♣♣


You could see a gnoll, a goblin, a ball python, a kobold and a frilled lizard.

Vanquished Creatures
  A dart slug (D:1)
  A bat (D:1)
  A goblin (D:1)
  3 hobgoblins (D:1)
  2 quokkas (D:1)
  A frilled lizard (D:1)
  3 kobolds (D:1)
  A rat (D:1)
13 creatures vanquished.

Notes
Turn   | Place    | Note
-------+----------+-------------------------------------------
     0 | D:1      | countageddon the Armataur Fighter began the quest for the
                  | Orb.
     0 | D:1      | Reached XP level 1. HP: 18/18 MP: 1/1
   138 | D:1      | Reached XP level 2. HP: 19/25 MP: 2/2
   347 | D:1      | Reached skill level 4 in Armour
   536 | D:1      | Found Veiff's Weapon Emporium.
   568 | D:1      | Slain by a gnoll

Illustrated notes

Levels and vault maps discovered:
D:1:      giann_forest_graveyard, layout_basic, serial_shops, shop,
          minmay_small_reverse_x

Skill      XL: |  1  2 |
---------------+-------+-----
Fighting       | 3 |  3.0
Armour         | 4 |  4.1
Shields        | |  3.4
Unarmed Combat | |  1.7

Action                     || total
---------------------------++-------
  Melee: Club              ||    56
         Dagger            ||     4
         Tailslap          ||     5
 Armour: Scale mail        ||    55
  Dodge: Dodged            ||    23
  Block: Buckler           ||    15
